 Dungeon Crawl Stone Soup version 0.20.1-1-g8b1a95d (webtiles) character file.

384 Phantomfrettchen the Insei (level 6, -7/39 HPs)
             Began as an Octopode Transmuter on Oct 2, 2017.
             Was an Initiate of Elyvilon.
             Mangled by a gnoll
             ... wielding a +0 flail
              (15 damage)
             ... on level 4 of the Dungeon.
             The game lasted 00:15:28 (3452 turns).

Phantomfrettchen the Insei (Octopode Transmuter)    Turns: 3452, Time: 00:15:28

Health: -7/39      AC:  1    Str:  9    XL:     6   Next: 77%
Magic:  10/10      EV: 13    Int: 16    God:    Elyvilon [......]
Gold:   229        SH:  0    Dex: 14    Spells: 5/11 levels left

rFire    . . .     SeeInvis .     - Unarmed
rCold    . . .     Gourm    .   (no shield)
rNeg     . . .     Faith    .   (helmet restricted)
rPois    +         Spirit   .   (no amulet)
rElec    .         Reflect  .   d - ring of wizardry
rCorr    .         Harm     .   n - ring of poison resistance
MR       .....                  (no ring)
Stlth    +++.......             (no ring)
Regen    0.2/turn               (no ring)
MPRegen  0.2/turn               (no ring)
                                (no ring)
                                (no ring)

@: appendage (expiring)
A: almost no armour, stealthy swim, amphibious, 8 rings, constrict 8, tentacle
spike 3, camouflage 1, gelatinous body 1
a: End Transformation, Renounce Religion


You were on level 4 of the Dungeon.
You worshipped Elyvilon.
Elyvilon was noncommittal.
You were not hungry.
One of your tentacles had a temporary spike.
You visited 1 branch of the dungeon, and saw 4 of its levels.

You collected 229 gold pieces.

Inventory:

Hand Weapons
 r - a +0 hunting sling
Missiles
 a - 42 arrows
 i - 132 stones (quivered)
 l - 68 bolts
 m - 2 curare-tipped needles
 v - 14 poisoned needles
Jewellery
 d - a ring of wizardry (left tentacle)
 n - a ring of poison resistance (right tentacle)
Scrolls
 e - 2 scrolls of noise {unknown}
 f - 2 scrolls of remove curse
 j - a scroll of recharging {unknown}
 k - 3 scrolls of identify {unknown}
 u - 2 scrolls of enchant weapon {unknown}
Potions
 h - a potion of curing
 o - 2 potions of brilliance {unknown}
 p - 2 potions of mutation {unknown}
 s - a potion of resistance {unknown}
 w - a potion of agility {unknown}
Books
 b - a book of Changes

   Spells                             Type                      Level
   a - Beastly Appendage              Transmutation                1
   b - Sticks to Snakes               Transmutation                2
   c - Spider Form                    Transmutation/Poison         3
   d - Ice Form                       Ice/Transmutation            4
   e - Blade Hands                    Transmutation                5
Comestibles
 c - 5 bread rations
 g - 3 fruits
 q - 6 chunks of flesh
 t - a meat ration


   Skills:
 - Level 2.0 Fighting
 - Level 3.0 Throwing
 - Level 2.2 Dodging
 + Level 3.8 Stealth
 - Level 4.0 Unarmed Combat
 + Level 3.2 Spellcasting
 + Level 3.0 Transmutations


You had 5 spell levels left.
You knew the following spells:

 Your Spells              Type           Power        Failure   Level  Hunger
a - Beastly Appendage     Tmut           ##....       2%          1    None
b - Sticks to Snakes      Tmut           ##......     3%          2    ##.....
c - Spider Form           Tmut/Pois      #.........   12%         3    ###....


Dungeon Overview and Level Annotations

Branches:
Dungeon (4/15)
 Temple: D:4-7

Altars:
Elyvilon
Gozag
Kikubaaqudgha
Nemelex Xobeh
Qazlal
Sif Muna
Vehumet
Xom


Innate Abilities, Weirdness & Mutations

You cannot wear most types of armour.
You are very stealthy in the water. (Stealth+)
You are amphibious.
You can wear up to eight rings at the same time.
You can use your tentacles to constrict eight enemies at once.
Your skin changes colour to match your surroundings (Stealth+).
Your rubbery body absorbs attacks. (AC +1, EV +1)
One of your tentacles bears a large vicious spike.


Message History

You constrict the adder skeleton. The adder skeleton bites you.
You tentacle-slap the adder skeleton.
You destroy the adder skeleton!
A gnoll comes into view.
It is wielding a club. 3 gnolls come into view.
The gnoll shouts!
The gnoll shouts!
The gnoll barely misses you.
Your transformation is almost over.
You barely miss the gnoll. You grab the gnoll. You constrict the gnoll.
You tentacle-slap the gnoll.
You pierce the gnoll.
The gnoll is heavily wounded.
You constrict the gnoll, but do no damage.
The gnoll hits you with a flail!
You tentacle-slap the gnoll but do no damage.
The gnoll is heavily wounded.
You constrict the gnoll. The gnoll hits you with a flail!
* * * LOW HITPOINT WARNING * * *
You feel better.
You constrict the gnoll. The gnoll hits you with a flail!
You die...

######### #.......#
#.......#
###############.......######
.........gg@..'.............
#........######........###.#
#........# #........###.#
#........# #...)....##...
#.......g.....#.............
.#
###........g..#######..##...
.. ............g.+
.......... .#
######........# ####.......
.# #........# ###.....


You could see 2 gnolls.

Vanquished Creatures
  An ogre (D:4)
  The ghost of Phantomfrettchen the Insei, an amateur OpTm (D:3)
  A bullfrog skeleton (D:4)
  An orc priest (D:4)
  Terence (D:2)
  3 gnolls (D:3)
  2 adders
  An adder skeleton (D:4)
  2 dart slugs
  2 leopard geckos
  6 orcs (D:4)
  A ball python (D:2)
  5 bats
  18 giant cockroaches
  8 goblins
  8 hobgoblins
  3 jackals
  9 kobolds
  A quokka (D:3)
  8 frilled lizards
  4 rats
86 creatures vanquished.

Vanquished Creatures (collateral kills)
  A gnoll (D:3)
1 creature vanquished.

Grand Total: 87 creatures vanquished

Notes
Turn   | Place    | Note
-------+----------+-------------------------------------------
     0 | D:1      | Phantomfrettchen the Octopode Transmuter began the quest for the Orb.
     0 | D:1      | Reached XP level 1. HP: 13/13 MP: 3/3
   148 | D:1      | Reached XP level 2. HP: 13/18 MP: 5/5
   460 | D:1      | Learned a level 2 spell: Sticks to Snakes
   760 | D:2      | Noticed Terence
   770 | D:2      | Killed Terence
   770 | D:2      | Reached skill level 4 in Unarmed Combat
   770 | D:2      | Reached XP level 3. HP: 7/23 MP: 1/6
   774 | D:1      | HP: 1/23 [kobold/club (6)]
   990 | D:2      | Reached XP level 4. HP: 16/28 MP: 5/7
  1094 | D:2      | Reached skill level 1 in Throwing
  1295 | D:2      | Found a radiant altar of Vehumet.
  1664 | D:2      | Found an ancient bone altar of Kikubaaqudgha.
  1664 | D:2      | Found a stormy altar of Qazlal.
  1743 | D:2      | Found a sparkling altar of Nemelex Xobeh.
  2109 | D:3      | Noticed Phantomfrettchen's ghost (amateur OpTm)
  2120 | D:3      | Killed Phantomfrettchen's ghost
  2120 | D:3      | Reached XP level 5. HP: 19/34 MP: 2/8
  2193 | D:3      | Reached skill level 1 in Stealth
  2403 | D:3      | Learned a level 3 spell: Spider Form
  2720 | D:3      | Found a deep blue altar of Sif Muna.
  2862 | D:3      | Reached XP level 6. HP: 32/39 MP: 9/9
  3121 | D:4      | Found an opulent altar of Gozag.
  3155 | D:4      | Found a white marble altar of Elyvilon.
  3158 | D:4      | Became a worshipper of Elyvilon the Healer
  3233 | D:4      | Found a shimmering altar of Xom.
  3452 | D:4      | Mangled by a gnoll

Skill      XL: |  1  2  3  4  5  6 |
---------------+-------------------+-----
Unarmed Combat | 4 |  4.0
Throwing       | 2 3 |  3.0
Fighting       | 2 |  2.0
Stealth        | 2 3 |  3.8
Spellcasting   | 3 |  3.2
Transmutations | 3 |  3.0
Dodging        | |  2.2

Action                   |  1- 3 |  4- 6 || total
-------------------------+-------+-------++-------
Melee: Unarmed           |    55 |   154 ||   209
       Constrict         |    14 |    45 ||    59
       Tentacles         |    10 |    20 ||    30
       Kick              |     5 |    41 ||    46
       Punch             |     1 |     2 ||     3
Throw: Stone             |     1 |     4 ||     5
 Cast: Beastly Appendage |     7 |    29 ||    36
       Sticks to Snakes  |     1 |     6 ||     7
  Use: Scroll            |       |     2 ||     2
       Potion            |       |     4 ||     4
 Stab: Sleeping          |     4 |     4 ||     8
       Distracted        |       |     1 ||     1
  Eat: Chunk             |       |     9 ||     9
Armor: Skin              |     6 |    10 ||    16
Dodge: Dodged            |    41 |    72 ||   113
